cohdb
Replays
Latest Replays
All Replays
Popular Replays
Top Player Replays
Match Explorer
How It Works
Community
CoH3 Stats
Reddit
Sign in to upload your games and track your stats! →
Sign in with Steam
Match 45839995
Unlisted
Match 45839995
Overview
Messages
Build Orders
End
Scout Squad
Construct Barracks
Selects Heavy Weapons
Riflemen Squad
M1 Mortar Team
Construct Weapon Support Center
M1919 Machine Gun Team
Selects M2HB .50cal Heavy Machine Gun
Riflemen Squad
Mechanized Support Center
M1919 Machine Gun Team
M3 Armored Personnel Carrier
M3 Armored Personnel Carrier
M3 Armored Personnel Carrier
Construct Tank Depot
M1919 Machine Gun Team
M4A1 Sherman Medium Tank
Selects Assault Carriers
Selects Halftrack Strongpoints
M4A1 76mm Conversion
M4A1(76) Sherman Medium Tank
M4A1(76) Sherman Medium Tank
Improvised Armor
Engineer Squad
A40degreeday
MediumKek
Liberator4515
dodgefor1
0
0
Comments
sign in to comment!
No comments posted yet!